 Dungeon Crawl Stone Soup version 0.29.1-1-gd02db6906a (webtiles) character file.

Game seed: 5640064146875962983

3 Icepheonix32 the Caller (level 1, -4/13 HPs)
             Began as a Merfolk Summoner on Oct 6, 2022.
             Slain by a gnoll
             ... wielding a +0 flail
              (10 damage)
             ... on level 1 of the Dungeon.
             The game lasted 00:00:32 (104 turns).

Icepheonix32 the Caller (Merfolk Summoner)           Turns: 104, Time: 00:00:33

Health: -4/13      AC:  2    Str:  8    XL:     1   Next: 50%
Magic:  0/3        EV: 12    Int: 14    God:
Gold:   0          SH:  0    Dex: 14    Spells: 3/4 levels left

rFire   . . .      SeeInvis .   d - +0 halberd
rCold   . . .      Faith    .   (shield currently unavailable)
rNeg    . . .      Spirit   .   a - +0 robe
rPois   .          Reflect  .   (no helmet)
rElec   .          Harm     .   (no cloak)
rCorr   .          Rampage  .   (no gloves)
Will    .....                   (no boots)
Stlth   ++........              (no amulet)
HPRegen 0.04/turn               (no ring)
MPRegen 0.08/turn               (no ring)

@: very slightly contaminated
A: (nimble swimmer 2), mertail
a: no special abilities


You were on level 1 of the Dungeon.
You visited 1 branch of the dungeon, and saw 1 of its levels.

Inventory:

Hand Weapons
 c - a +0 short sword
 d - a +0 halberd (weapon)
Armour
 a - a +0 robe (worn)
Potions
 b - a potion of magic
 e - a potion of ambrosia {unknown}


   Skills:
 + Level 2.6 Dodging
 - Level 2.1 Stealth
 + Level 2.0 Spellcasting
 * Level 4.2 Summonings


You had 3 spell levels left.
You knew the following spells:

 Your Spells              Type           Power      Damage    Failure   Level
a - Summon Small Mammal   Summ           52%        N/A       4%          1

Your spell library contained the following spells:

 Spells                   Type           Power      Damage    Failure   Level
 Call Imp                 Summ           13%        N/A       6%          2
 Call Canine Familiar     Summ           13%        N/A       13%         3
 Summon Guardian Golem    Hex/Summ       7%         N/A       30%         3
 Summon Lightning Spire   Summ/Air       7%         N/A       69%         4


Dungeon Overview and Level Annotations

Branches:
Dungeon (1/15)

Altars:


Innate Abilities, Weirdness & Mutations

((You are very nimble when in or above water. (Stealth+, EV+, Speed+++)))
Your lower body shifts to a powerful aquatic tail in water.


Message History

Confirm with . or Enter, or press ? or * to list all spells.
Your bat barely misses the gnoll.
Your bat hits the gnoll but does no damage.
The gnoll completely misses your bat.
Your bat hits the gnoll.
The gnoll hits your bat with a +0 flail!
Your bat dies!
Your bat's corpse disappears in a puff of smoke!
Your rat barely misses the gnoll.
You could not reach far enough!
The gnoll hits your rat with a +0 flail.
Your rat dies!
Your rat's corpse disappears in a puff of smoke!
You barely miss the gnoll.
The gnoll is moderately wounded.
The gnoll completely misses you.
Casting: Summon Small Mammal (safe; 4% risk of failure)
Confirm with . or Enter, or press ? or * to list all spells.
The gnoll closely misses you. The gnoll attacks as you move away!
The gnoll closely misses you.
Your rat bites the gnoll.
You hit the gnoll.
The gnoll is heavily wounded.
The gnoll hits you with a +0 flail.
Your rat bites the gnoll but does no damage.
The gnoll hits you with a +0 flail.
Your rat bites the gnoll.
Casting: Summon Small Mammal (safe; 4% risk of failure)
Confirm with . or Enter, or press ? or * to list all spells.
You miscast Summon Small Mammal.
You are very lightly contaminated with residual magic.
Nothing appears to happen.
Your rat barely misses the gnoll.
The gnoll closely misses you. The gnoll attacks as you move away!
The gnoll barely misses you.
Your rat bites the gnoll but does no damage.
Casting: Summon Small Mammal (safe; 4% risk of failure)
Confirm with . or Enter, or press ? or * to list all spells.
The gnoll hits you with a +0 flail!
Ouch! That really hurt!
You die...

### #.. ############ #..
#........).# #.. #..........# #.#
##### #..........# #.#
###....#######..........#######..
..............rg@.......+...>.'..
.....#..#####.r.........####..#..
####....# #...........####.##.#
#.#.######................##.#
#.#....................##.##.. .
..###########........##.##.. #
..# #.......###.##.. .. #.......#
#.#### #.......# #.#


You could see a gnoll (ally target), a friendly quokka (summoned) and a friendly
rat (summoned).

Vanquished Creatures
  2 hobgoblins (D:1)
2 creatures vanquished.

Vanquished Creatures (collateral kills)
  A ball python (D:1)
1 creature vanquished.

Grand Total: 3 creatures vanquished

Notes
Turn   | Place    | Note
-------+----------+-------------------------------------------
     0 | D:1      | Icepheonix32 the Merfolk Summoner began the quest for the
                  | Orb.
     0 | D:1      | Reached XP level 1. HP: 13/13 MP: 3/3
   104 | D:1      | Slain by a gnoll

Illustrated notes

Levels and vault maps discovered:
D:1:      amcnicky_arrival_flooded_fountain, layout_basic

Action                   || total
-------------------------++-------
Melee: Halberd           ||     7
 Cast: Summon Small Mamm ||     5
Armor: Robe              ||     1
Dodge: Dodged            ||     6
